 Dungeon Crawl Stone Soup version 0.17.1-3-g152610e (webtiles) character file.

65 kaze the Ducker (level 3, -9/37 HPs)
             Began as a Troll Berserker on Mar 1, 2016.
             Was a Believer of Trog.
             Killed from afar by a white imp (11 damage)
             ... with a puff of frost
             ... summoned by Natasha
             ... on level 2 of the Dungeon.
             The game lasted 00:02:08 (808 turns).

kaze the Ducker (Troll Berserker)                    Turns: 808, Time: 00:02:08

Health: -9/37      AC:  5    Str: 26    XL:     3   Next: 92%
Magic:  2/2        EV: 10    Int:  3    God:    Trog [**....]
Gold:   75         SH:  0    Dex:  9    Spells: 0 memorised, 2 levels left

rFire  . . .     SeeInvis .     a - +0 mace
rCold  . . .     Clarity  +     b - +0 animal skin
rNeg   . . .     SustAt   .     (no shield)
rPois  .         Gourm    +     (helmet restricted)
rElec  .         Spirit   .     (no cloak)
rCorr  .         Warding  .     (gloves unavailable)
rMut   .         Stasis   .     (boots unavailable)
MR     .....                    e - amulet of clarity
Stlth  +.........               (no ring)
                                (no ring)

@: slowed, very slow, not resistant to hostile enchantments, very unstealthy
A: unfitting armour, claws 3, fast metabolism 3, gourmand, regeneration 2,
shaggy fur 1, tough skin 2
a: Berserk, Trog's Hand, Burn Spellbooks, Renounce Religion


You were on level 2 of the Dungeon.
You worshipped Trog.
Trog was pleased with you.
You were not hungry.

You visited 1 branch of the dungeon, and saw 2 of its levels.

You collected 75 gold pieces.

Inventory:

Hand Weapons
 a - a +0 mace (weapon)
Armour
 b - a +0 animal skin (worn)
Jewellery
 e - an amulet of clarity (around neck)
Scrolls
 f - 4 scrolls of identify {unknown}
 g - a scroll of remove curse {unknown}
 h - a scroll of noise {unknown}
 j - a scroll of amnesia {unknown}
 k - 2 scrolls of fog {unknown}
 m - a scroll of magic mapping {unknown}
Potions
 d - a potion of lignification {unknown}
 i - a potion of heal wounds {unknown}
 l - a potion of resistance {unknown}
 n - a potion of agility {unknown}
Comestibles
 c - 2 bread rations
 o - a slice of pizza


   Skills:
 + Level 3.0 Fighting
 + Level 3.1 Maces & Flails
 + Level 3.2 Dodging
 + Level 0.1 Stealth


You had 2 spell levels left.
You didn't know any spells.

Dungeon Overview and Level Annotations

Branches:
Dungeon (2/15)

Altars:

Annotations:
D:2 Natasha


Innate Abilities, Weirdness & Mutations

You are too large for most types of armour.
You have claws for hands.
Your metabolism is lightning-fast.
You like to eat raw meat.
You heal very quickly.
You are covered in fur (AC +1).
You have very tough skin (AC +2).


Message History

The white imp hits you. The white imp freezes you.
* * * LOW HITPOINT WARNING * * *
You are too injured to fight recklessly!
Unknown command.
You are too injured to fight recklessly!
Unknown command.
You are too injured to fight recklessly!
Unknown command.
You are too injured to fight recklessly!
Unknown command.
You hit Natasha but do no damage. Natasha closely misses you.
The white imp gestures at you. The puff of frost hits you!
* * * LOW HITPOINT WARNING * * *
Natasha mumbles some strange words.
You hit Natasha.
Natasha is heavily wounded.
The white imp gestures at you. The puff of frost hits you!
You die...

#...#...##......##.#.#.#
##..#...##......##.#.#.#
#.......##......##......
#.....'.....(^# ##.#.#
#.....##......# #.#.#
#.#...##......# # # #
#..5###'##### #
#...###.# # #..@....# #
#5.h5...# #.......#
.........# ###.......# #
#.......# # #######.# #
.# # #


You could see an iron imp, Natasha, a crimson imp and a white imp.

Vanquished Creatures
  Natasha (twice) (D:2)
  An adder (D:2)
  2 giant geckos
  3 giant cockroaches
  3 hobgoblins
  A quokka (D:2)
  5 bats
  2 giant newts (D:1)
  A goblin (D:1)
  2 rats (D:1)
22 creatures vanquished.

Notes
Turn   | Place    | Note
--------------------------------------------------------------
     0 | D:1      | kaze the Troll Berserker began the quest for the Orb.
     0 | D:1      | Reached XP level 1. HP: 22/22 MP: 0/0
   123 | D:1      | Reached XP level 2. HP: 29/29 MP: 1/1
   634 | D:2      | Noticed Natasha
   641 | D:2      | Killed Natasha
   641 | D:2      | Reached skill level 3 in Maces & Flails
   641 | D:2      | Reached XP level 3. HP: 28/36 MP: 2/2
   702 | D:2      | Reached ** piety under Trog
   703 | D:2      | Noticed Natasha
   707 | D:2      | Killed Natasha
   800 | D:2      | Noticed Natasha
   807 | D:2      | HP: 1/37 [white imp/puff of frost[Natasha] (10)]
   808 | D:2      | Killed from afar by a white imp

Action                   || total
-------------------------++-------
Melee: Mace              ||    85
  Eat: Chunk             ||     8
